 Dungeon Crawl Stone Soup version 0.10.4 character file.

180 Nattfarinn the Archer (level 4, -12/36 HPs)
             Began as a Centaur Hunter on Jan 31, 2022.
             Mangled by a hobgoblin
             ... wielding a +0,+0 scythe
              (15 damage)
             ... on Level 2 of the Dungeon.
             The game lasted 00:05:24 (1465 turns).

Nattfarinn the Archer (Centaur Hunter)              Turns: 1465, Time: 00:05:24

HP -12/36        AC  5     Str 14      XL: 4   Next:  7%
MP   2/2         EV  8     Int 12      God:
Gold 108         SH  0     Dex 11      Spells:  0 memorised,  3 levels left

Res.Fire  : . . .   See Invis. : .   a - +0 short sword
Res.Cold  : . . .   Warding    : . . d - +0 leather armour
Life Prot.: . . .   Conserve   : +   (no shield)
Res.Acid. : . . .   Res.Corr.  : .   (no helmet)
Res.Poison: .       Clarity    : .   (no cloak)
Res.Elec. : .       Spirit.Shd : .   r - +0 pair of gauntlets
Sust.Abil.: . .     Stasis     : .   (no barding)
Res.Mut.  : .       Ctrl.Telep.: .   h - amulet of conservation {unknown}
Res.Rott. : .       Levitation : .   m - +2 ring of intelligence
Saprovore : . . .   Ctrl.Flight: .   e - ring of levitation

@: very quick, slightly resistant to hostile enchantments, very unstealthy
A: hooves 3, deformed body, herbivore 1, speed 2, fast metabolism 1, tough skin
3
a: Evoke Levitation


You were on level 2 of the Dungeon.
You were not hungry.

You visited 1 branch of the dungeon, and saw 2 of its levels.

You collected 88 gold pieces.

Inventory:

Hand weapons
 a - a +0,+0 short sword (weapon)
 b - a +0,+0 bow
Missiles
 c - 12 +1 arrows
Armour
 d - a +0 leather armour (worn)
 r - a +0 pair of gauntlets (worn)
Comestibles
 f - 3 bread rations
 q - a rotting chunk of bat flesh
 u - a snozzcumber
 v - 2 chunks of gnoll flesh
Scrolls
 i - 2 scrolls of remove curse
 k - a scroll of blinking {unknown}
 l - a scroll of detect curse {unknown}
 n - a scroll of amnesia {unknown}
 o - 2 scrolls of random uselessness
 p - a scroll of recharging {unknown}
 t - a scroll of curse jewellery {unknown}
Jewellery
 e - a ring of levitation (left hand)
 h - an amulet of conservation (around neck) {unknown}
 m - a +2 ring of intelligence (right hand)
 s - an uncursed ring of protection from magic {unknown}
Potions
 g - a potion of might {unknown}


   Skills:
 - Level 1.0 Fighting
 * Level 8.7 Bows
 - Level 1.3 Dodging
 - Level 0.5 Stealth


You had 3 spell levels left.
You didn't know any spells.

Dungeon Overview and Level Annotations

Branches:
Dungeon (2/27)

Altars:
Kikubaaqudgha

Annotations
D:2 Sigmund


Innate Abilities, Weirdness & Mutations

You have hooves in place of feet.
Armour fits poorly on your strangely shaped body.
You digest meat inefficiently.
You cover ground very quickly.
You have a fast metabolism.
You have extremely tough skin (AC +3).


Message History

You start butchering the gnoll corpse with your short sword.
You continue butchering the corpse.
You finish chopping the gnoll corpse into pieces.
v - 2 chunks of gnoll flesh Eat a chunk of quokka flesh? (ye/n/q/i?) This raw flesh tastes terrible.
You continue eating.
You finish eating.
You see here a club.
You open the door. 2 hobgoblins, an orc and Sigmund come into view.
The orc shouts!
The hobgoblin shouts!
Sigmund shouts!
The hobgoblin shouts!
The orc hits you from afar with a scythe.
The hobgoblin closely misses you.
Unknown command.
Unknown command.
The orc hits you from afar with a scythe!
* * * LOW HITPOINT WARNING * * *
The hobgoblin hits you from afar with a scythe!
You die...

....#
################..#.....
....#
.................######
....#
###.##........##.######
#####
#.....................#
#...............%.....#
#.....%...............#
###.##................#
#.<.....#####....<...##
##....@..# #.......%.#
#...##'## #..........
#...#@og# #........%.
#...#.g.# ########..%
+...##### #... +..##
#(.. #.## #... ### #...
#...


You could see an orc and 2 hobgoblins.

Vanquished Creatures
  Terence (D:2)
  3 gnolls (D:2)
  2 goblins (D:1)
  2 hobgoblins
  A quokka (D:2)
  3 ball pythons (D:1)
  7 bats
  3 giant cockroaches
  2 giant newts (D:2)
  6 kobolds
  2 rats (D:2)
32 creatures vanquished.

Notes
Turn   | Place    | Note
--------------------------------------------------------------
     0 | D:1      | Nattfarinn, the Centaur Hunter, began the quest for the Orb.
     0 | D:1      | Reached XP level 1. HP: 17/17 MP: 0/0
   267 | D:1      | Reached XP level 2. HP: 22/24 MP: 1/1
   271 | D:1      | Reached skill level 6 in Bows
   988 | D:2      | Noticed Terence
   999 | D:2      | Killed Terence
   999 | D:2      | Reached skill level 7 in Bows
   999 | D:2      | Reached XP level 3. HP: 22/29 MP: 2/2
  1000 | D:2      | Found an ancient bone altar of Kikubaaqudgha.
  1301 | D:2      | Reached skill level 8 in Bows
  1382 | D:2      | Reached XP level 4. HP: 11/36 MP: 2/2
  1464 | D:2      | Noticed Sigmund
  1465 | D:2      | Mangled by a hobgoblin
